 Dungeon Crawl Stone Soup version 0.30-a0-860-g512cf1e979 (webtiles) character file.

Game seed: 6643941292036672985

81 Hubris850 the Chiller (level 4, -4/36 HPs)
             Began as a Draconian Ice Elementalist on Mar 7, 2023.
             Was a Believer of Vehumet.
             Killed by divine providence
             ... invoked by an orc priest
              (8 damage)
             ... on level 3 of the Dungeon.
             The game lasted 00:05:29 (1959 turns).

Hubris850 the Chiller (Draconian Ice Elementalist)  Turns: 1959, Time: 00:05:30

Health: -4/36      AC:  6    Str: 10    XL:     4   Next: 20%
Magic:  7/7        EV: 12    Int: 18    God:    Vehumet [**....]
Gold:   77         SH:  3    Dex: 11    Spells: 3/7 levels left

rFire   . . .      SeeInvis .    b - +1 dagger (venom)
rCold   . . .      Faith    .    r - +0 buckler {rN+}
rNeg    + . .      Spirit   .    (body armour unavailable)
rPois   .          Reflect  .    (helmet restricted)
rElec   .          Rampage  .    g - +0 cloak
rCorr   .                        (no gloves)
Will    .....                    (no boots)
Stlth   ++                       c - amulet of the acrobat
HPRegen 0.26/turn                (no ring)
MPRegen 0.10/turn                (no ring)

@: no status effects
A: AC +5, unfitting armour, cold-blooded
a: Renounce Religion


You were on level 3 of the Dungeon.
You worshipped Vehumet.
Vehumet was pleased with you.
You visited 1 branch of the dungeon, and saw 3 of its levels.

You collected 77 gold pieces.

Inventory:

Hand Weapons
 b - a +1 dagger of venom (weapon)
 e - a +0 dagger
Missiles
 j - 2 throwing nets
Armour
 g - a +0 cloak (worn)
 r - a +0 buckler of positive energy (worn)
Jewellery
 c - an amulet of the acrobat (around neck)
 k - a ring of poison resistance
Scrolls
 f - a scroll of teleportation {unknown}
 i - 2 scrolls of noise {unknown}
 l - a scroll of immolation {unknown}
 n - 2 scrolls of amnesia {unknown}
 p - a scroll of acquirement {unknown}
 q - a scroll of brand weapon {unknown}
 s - a scroll of identify {unknown}
Potions
 a - a potion of magic
 d - a potion of berserk rage {unknown}
 h - a potion of haste {unknown}
 m - a potion of ambrosia {unknown}
 o - a potion of curing {unknown}


   Skills:
 + Level 2.3 Fighting
 + Level 2.7 Dodging
 + Level 2.9 Stealth
 + Level 0.1 Shields
 - Level 2.0 Spellcasting
 - Level 4.0 Ice Magic


You had 3 spell levels left.
You knew the following spells:

 Your Spells              Type           Power      Damage    Failure   Level
a - Freeze                Ice            64%        1d7       4%          1
b - Sandblast             Erth           2%         2d4       24%         1
c - Scorch                Fire           2%         2d5       36%         2

Your spell library contained the following spells:

 Spells                   Type           Power      Damage    Failure   Level
 Frozen Ramparts          Ice            32%        1d5       14%         3
 Ozocubu's Armour         Ice            16%        N/A       14%         3
 Summon Ice Beast         Ice/Summ       9%         N/A       71%         4


Dungeon Overview and Level Annotations

Branches:
Dungeon (3/15)

Altars:
Vehumet


Innate Abilities, Weirdness & Mutations

Your plain brown scales are hard. (AC +5)
You cannot fit into any form of body armour.
You are cold-blooded and may be slowed by cold attacks.


Message History

Beogh smites you! The orc hits you but does no damage.
You barely miss the orc. The orc hits you but does no damage.
The orc hits you with a +0 hand axe.
You hit the orc but do no damage.
The orc is poisoned.
The orc hits you with a +0 hand axe.
The orc priest looks braver for a moment.
The orc hits you with a +0 short sword.
You are too injured to fight recklessly!
You are too injured to fight recklessly!
You are too injured to fight recklessly!
You are too injured to fight recklessly!
You are too injured to fight recklessly!
You barely miss the orc.
The orc is lightly wounded.
The orc misses you. The orc barely misses you.
The orc priest calls down the wrath of Beogh upon you.
Beogh smites you!
* * * LOW HITPOINT WARNING * * *
You hit the orc.
The orc looks as sick as possible!
The orc is almost dead.
You kill the orc!
Vehumet accepts your kill. The orc barely misses you.
You closely miss the orc priest. You tail-slap the orc priest.
The orc priest is lightly wounded.
The orc hits you with a +0 hand axe.
* * * LOW HITPOINT WARNING * * *
The orc priest casts a cantrip, but nothing happens.
You hit the orc priest but do no damage.
The orc priest is poisoned.
The orc priest is lightly wounded.
The orc priest barely misses you. The orc hits you with a +0 hand axe.
* * * LOW HITPOINT WARNING * * *
You hit the orc priest but do no damage.
The orc priest looks as sick as possible!
The orc priest is lightly wounded.
The orc barely misses you.
The orc priest invokes the aid of Beogh against you.
Beogh smites you!
You die...

######## ######
#......## #.....
#.......#### #.....
#..........## .....
###.######..###
#.o## #.............
#.o@###..########...
#.#......# #### #
#..###.# #########
#... .............
##..##.###########
##.##.# ####. .##.#
##.... ....#.#
####..### .....
.###....##


You could see an orc priest (extremely poisoned) and an orc.

Vanquished Creatures
  2 adders
  A dart slug (D:1)
  4 orcs (D:3)
  6 bats
  8 endoplasms
  A giant cockroach (D:2)
  4 goblins
  7 hobgoblins
  3 jackals (D:2)
  2 quokkas
  A ball python (D:2)
  5 frilled lizards
  7 kobolds
  3 rats
54 creatures vanquished.

Notes
Turn   | Place    | Note
-------+----------+-------------------------------------------
     0 | D:1      | Hubris850 the Draconian Ice Elementalist began the quest
                  | for the Orb.
     0 | D:1      | Reached XP level 1. HP: 14/14 MP: 3/3
   201 | D:1      | Reached skill level 1 in Fighting
   201 | D:1      | Reached XP level 2. HP: 23/23 MP: 3/5
   897 | D:2      | Noticed a golden eye
   900 | D:2      | Found a faded altar of an unknown god.
   901 | D:2      | Noticed an eye of devastation
   901 | D:2      | Noticed a great orb of eyes
   901 | D:2      | Noticed a great orb of eyes
   907 | D:2      | Prayed at the altar of an unknown god.
   907 | D:2      | Became a worshipper of Vehumet
   907 | D:2      | Reached * piety under Vehumet
   907 | D:2      | Offered knowledge of Sandblast by Vehumet.
   910 | D:2      | Learned a level 1 spell: Sandblast
   957 | D:2      | Reached XP level 3. HP: 29/29 MP: 0/6
  1741 | D:3      | Offered knowledge of Scorch by Vehumet.
  1745 | D:3      | Learned a level 2 spell: Scorch
  1777 | D:3      | Reached ** piety under Vehumet
  1778 | D:3      | Reached XP level 4. HP: 22/36 MP: 7/7
  1959 | D:3      | Killed from afar by an orc priest

Illustrated notes

Levels and vault maps discovered:
D:1:      wander_arrival_chamber, layout_loops_cross, corner_web_ring,
          hangedman_decor_opposing, minmay_misc_feat_hallway
D:2:      layout_basic, hellmonk_ecumenical_altar_watching_god, feat_on_display
D:3:      layout_rooms, wad_floor_pattern_untrapped

Skill      XL: |  1  2  3 |
---------------+----------+-----
Dodging        | 2 |  2.7
Stealth        | 2 |  2.9
Fighting       | 1 2 |  2.3
Shields        | |  0.1
Spellcasting   | |  2.0
Ice Magic      | |  4.0

Action                     |  1- 3 |  4- 6 || total
---------------------------+-------+-------++-------
  Melee: Unarmed           |    18 |       ||    18
         Dagger            |   121 |    29 ||   150
         Tailslap          |    10 |     5 ||    15
         Punch             |     2 |       ||     2
   Cast: Freeze            |    11 |       ||    11
         Sandblast         |    13 |       ||    13
    Use: Potion            |     2 |       ||     2
   Stab: Sleeping          |     6 |       ||     6
 Armour: Skin              |    55 |     7 ||    62
  Dodge: Dodged            |   103 |    17 ||   120

Table legend: (Time is in decaauts)
 A = Elapsed time spent in this place.
 B = Non-inter-level travel time spent in this place.
 C = Inter-level travel time spent in this place.
 D = Time resting spent in this place.
 E = Time spent auto-exploring this place.
 F = Levels seen in this place.
 G = Mean time per level.
                   A        B        C        D        E       F      G
               +--------+--------+--------+--------+--------+-----+--------+
         Total |   1969 |   1906 |     63 |    167 |   1307 |   3 |  656.3 |
       Dungeon |   1969 |   1906 |     63 |    167 |   1307 |   3 |  656.3 |
               +--------+--------+--------+--------+--------+-----+--------+

Top non-repeatable levels by time:
     D:1: 848 daAuts
     D:2: 827 daAuts
     D:3: 293 daAuts
